 Dungeon Crawl Stone Soup version 0.31-a0-431-g88bdf31460 (webtiles) character file.

Game seed: 15780209192242241136

3201 billz999 the Summoner (level 9, 0/57 HPs)
             Began as a Mummy Fire Elementalist on July 26, 2023.
             Was a Believer of Nemelex Xobeh.
             Slain by a centaur
             ... wielding a +0 whip
              (2 damage)
             ... on level 7 of the Dungeon on July 31, 2023.
             The game lasted 00:26:18 (10652 turns).

billz999 the Summoner (Mummy Fire Elementalist)    Turns: 10652, Time: 00:26:19

Health: 0/57       AC:  4    Str: 12    XL:     9   Next: 65%
Magic:  2/17       EV: 11    Int: 30    God:    Nemelex Xobeh [**....]
Gold:   385        SH:  5    Dex: 12    Spells: 7/19 levels left

rFire   x . .        n - +2 whip (venom)
rCold   + . .        j - +0 buckler
rNeg    + + +        a - +0 robe
rPois   ∞            p - +0 helmet
rElec   .            (no cloak)
rCorr   .            g - +0 pair of gloves
SInv    .            (no boots)
Will    +....        (no amulet)
Stlth   ++           b - +6 ring of intelligence
HPRegen 0.29/turn    s - +6 ring of intelligence
MPRegen 0.15/turn

%: faith
@: no status effects
A: cold resistance 1, negative energy resistance 3, torment resistance 2, heat
vulnerability 1, in touch with death 1, no potions, faith
a: Renounce Religion, Draw Escape, Draw Destruction, Draw Summoning


You were on level 7 of the Dungeon.
You worshipped Nemelex Xobeh.
Nemelex Xobeh was pleased with you.
You visited 1 branch of the dungeon, and saw 7 of its levels.

You collected 385 gold pieces.

Inventory:

Hand Weapons
 c - a +0 dagger of freezing
 n - a +2 whip of venom (weapon)
 o - a +0 orcbow
Armour
 a - a +0 robe (worn)
 g - a +0 pair of gloves (worn)
 j - a +0 buckler (worn)
 p - a +0 helmet (worn)
 t - +0 acid dragon scales
Jewellery
 b - a +6 ring of intelligence (left hand)
 r - a ring of resist corrosion
 s - a +6 ring of intelligence (right hand)
Talismans
 i - a serpent talisman
Wands
 l - a wand of quicksilver (13)
 m - a wand of digging (5)
Scrolls
 d - 2 scrolls of summoning
 h - a scroll of poison
 q - a scroll of amnesia {unknown}


   Skills:
 - Level 1.8 Dodging
 - Level 1.8 Stealth
 - Level 4.0 Shields
 - Level 5.6 Spellcasting
 - Level 2.4 Conjurations
 * Level 8.8 Summonings
 - Level 3.5 Fire Magic
 + Level 2.6 Invocations


You had 7 spell levels left.
You knew the following spells:

 Your Spells              Type           Power      Damage    Failure   Level
a - Foxfire               Conj/Fire      100%       2x1d9     2%          1
b - Scorch                Fire           58%        2d7       2%          2
c - Volatile Blastmotes   Fire/Tloc      36%        2d13      11%         3
d - Summon Cactus Giant   Summ           29%        N/A       30%         6

Your spell library contained the following spells:

 Spells                   Type           Power      Damage    Failure   Level
 Inner Flame              Hex/Fire       18%        N/A       11%         3
 Dazzling Flash           Conj/Hex       30%        N/A       14%         3
 Flame Wave               Conj/Fire      26%        2d8       22%         4
 Agony                    Necr           12%        N/A       91%         5
 Silence                  Hex/Air        4%         N/A       91%         5


Dungeon Overview and Level Annotations

Branches:
Dungeon (7/15)             Temple (0/1) D:4

Altars:
Ashenzari
Dithmenos
Hepliaklqana
Kikubaaqudgha
Makhleb
Nemelex Xobeh
Qazlal
Ru
Trog
Uskayaw
Vehumet
Wu Jian
Xom
Yredelemnul

Shops:
D:2 *   D:6 !=

Annotations:
D:5 3 runed translucent doors, LustLizard's ghost, novice OpSh
D:6 exclusion: statue


Innate Abilities, Weirdness & Mutations

You are immune to poison.
Your flesh is cold resistant. (rC+)
You are immune to negative energy. (rN+++)
You are immune to unholy pain and torment.
You are vulnerable to heat. (rF-)
You are in touch with the powers of death.
You do not drink.
You have a special connection with the divine. (Faith)


Message History

The centaur unwields a +0 whip.
The centaur wields a +0 shortbow.
The centaur shoots an arrow.
The arrow misses you.
The centaur shoots an arrow.
The arrow hits you!
* * * LOW HITPOINT WARNING * * *
The centaur shoots an arrow.
The arrow hits you.
* * * LOW HITPOINT WARNING * * *
Your magical contamination has completely faded away.
As you read the scroll of fog, it dissolves into smoke.
You can't drink.
Unknown command.
Aiming: Quicksilver Bolt
Press: ? - help, Shift-Dir - straight line, f - centaur
Aim: a centaur, wielding a +0 shortbow (purple smoke, 83% to hit)
The bolt of dispelling energy hits the centaur!
The centaur is severely wounded.
The centaur unwields a +0 shortbow.
The centaur wields a +0 whip.
The centaur completely misses you.
The centaur kicks you but does no damage.
The centaur hits you with a +0 whip.
* * * LOW HITPOINT WARNING * * *
The centaur kicks you but does no damage.
Aiming: Quicksilver Bolt
Press: ? - help, Shift-Dir - straight line, f/p - centaur
Aim: a centaur, wielding a +0 whip (purple smoke, severely wounded, 83% to hit)
The bolt of dispelling energy misses the centaur.
The centaur closely misses you.
The centaur kicks you but does no damage.
Unknown command.
Aiming: Quicksilver Bolt
Press: ? - help, Shift-Dir - straight line, f/p - centaur
Aim: a centaur, wielding a +0 whip (purple smoke, severely wounded, 83% to hit)
The bolt of dispelling energy misses the centaur.
The centaur hits you with a +0 whip.
* * * LOW HITPOINT WARNING * * *
The centaur kicks you.
* * * LOW HITPOINT WARNING * * *
The centaur hits you but does no damage.
The centaur kicks you.
You die...
Your body glows slightly and disappears.

#.#♣...♣ ♣♣♣.♣ ♣.♣ #........
#.#♣...♣#♣...♣ ♣o♣ #........
#.#♣...♣#.###.# ♣.♣#........
#.#♣...♣♣.# #.♣♣♣♣♣$#..).....
#.........# '......§§§.......
#.#♣...♣♣.# .♣♣♣♣♣§#.#....#
#.#♣...♣#.# .# ♣♣§♣#.# #.###
#.#♣...♣#♣. ♣#♣♣c♣♣#X# #<#
#.#♣..[♣ ♣♣ ♣@♣♣ #.# #.# #.#♣♣.♣♣
#§♣♣ #.# #.#.# #.# ♣.♣ #♣ #.#
#.#.#### #.# ♣.♣ #.# #.#..... ..#
### ##.# #....... .## ##### #..#
#....... .# #...# #.## #.......
)##########...######.#####.......
.))...)...'...'................<.


You could see a centaur.

Vanquished Creatures
  A gargoyle (D:7)
  Sigmund (D:3)
  Eustachio (D:6)
  An acid dragon (D:7)
  Menkaure (D:6)
  2 water moccasins
  An orc warrior (D:7)
  A black bear (D:7)
  An ice beast (D:7)
  2 ogres
  3 centaurs
  A bullfrog (D:6)
  A gnoll sergeant (D:5)
  5 scorpions
  3 killer bees (D:7)
  3 hounds
  An orc priest (D:5)
  A sleepcap (D:5)
  2 jellies
  2 gnoll boudas
  5 iguanas
  Jessica (D:2)
  5 orc wizards
  Natasha (D:3)
  Robin (D:2)
  12 gnolls
  9 adders
  A river rat (D:5)
  A shadow imp (D:7)
  A worm (D:3)
  A dart slug (D:3)
  18 orcs
  3 endoplasms
  6 giant cockroaches
  9 goblins
  16 hobgoblins
  19 jackals
  2 quokkas
  6 ball pythons
  7 bats
  2 frilled lizards
  5 kobolds
  11 rats
176 creatures vanquished.

Vanquished Creatures (collateral kills)
  A foxfire (D:5)
1 creature vanquished.

Vanquished Creatures (others)
  366 foxfires
366 creatures vanquished.

Grand Total: 543 creatures vanquished

Notes
Turn   | Place    | Note
-------+----------+-------------------------------------------
     0 | D:1      | billz999 the Mummy Fire Elementalist began the quest for
                  | the Orb.
     0 | D:1      | Reached XP level 1. HP: 13/13 MP: 4/4
   258 | D:1      | Reached skill level 1 in Conjurations
   279 | D:1      | Reached XP level 2. HP: 19/19 MP: 2/5
  1020 | D:1      | Gained mutation: You are in touch with the powers of death.
                  | [Mummy growth]
  1020 | D:1      | Reached XP level 3. HP: 24/24 MP: 4/7
  1027 | D:1      | Learned a level 2 spell: Scorch
  1448 | D:2      | Found Cicumofe's Assorted Antiques.
  1618 | D:2      | Noticed Jessica
  1622 | D:2      | Killed Jessica
  1695 | D:2      | Noticed Robin
  1701 | D:2      | Reached XP level 4. HP: 30/30 MP: 3/9
  1729 | D:2      | Killed Robin
  2893 | D:3      | Upgraded the game from 0.31-a0-358-gac0dbeb3ab to
                  | 0.31-a0-365-gcf821cafb2
  2901 | D:3      | Upgraded the game from 0.31-a0-365-gcf821cafb2 to
                  | 0.31-a0-431-g88bdf31460
  2980 | D:3      | Found a sparkling altar of Nemelex Xobeh.
  2989 | D:3      | Noticed Sigmund
  2996 | D:3      | Killed Sigmund
  2997 | D:3      | Reached skill level 5 in Spellcasting
  2997 | D:3      | Reached XP level 5. HP: 35/35 MP: 1/13
  2997 | D:3      | Reached XP level 6. HP: 41/41 MP: 1/14
  3165 | D:3      | Became a worshipper of Nemelex Xobeh the Trickster
  3188 | D:3      | Found a bloodstained altar of Trog.
  3299 | D:3      | Found a shimmering altar of Xom.
  3667 | D:3      | Noticed Natasha
  3673 | D:3      | Killed Natasha
  3674 | D:3      | Reached skill level 1 in Shields
  3838 | D:4      | Noticed a water moccasin
  4309 | D:4      | Found a staircase to the Ecumenical Temple.
  4663 | D:4      | Killed a water moccasin
  4664 | D:4      | Reached XP level 7. HP: 46/46 MP: 6/15
  4826 | D:5      | Entered Level 5 of the Dungeon
  4913 | D:5      | Reached * piety under Nemelex Xobeh
  5184 | D:5      | Received a gift from Nemelex Xobeh
  5189 | D:5      | Learned a level 3 spell: Volatile Blastmotes
  5196 | D:5      | Learned a level 6 spell: Summon Cactus Giant
  5218 | D:5      | Reached skill level 1 in Summonings
  5415 | D:5      | Found a runed translucent gate.
  5415 | D:5      | Found a runed translucent gate.
  5415 | D:5      | Found a runed translucent gate.
  5416 | D:5      | Noticed LustLizard's ghost (novice OpSh)
  5871 | D:5      | Reached skill level 2 in Summonings
  6021 | D:5      | Reached skill level 3 in Summonings
  6415 | D:5      | Reached XP level 8. HP: 41/52 MP: 9/16
  6816 | D:5      | Reached skill level 4 in Summonings
  7024 | D:6      | Found Yphac's Distillery.
  7315 | D:6      | Reached ** piety under Nemelex Xobeh
  7331 | D:6      | Found a hide-covered altar of Uskayaw.
  7334 | D:6      | Found a sacrificial altar of Ru.
  7338 | D:6      | Found an ornate altar of the Wu Jian Council.
  7418 | D:6      | Received a gift from Nemelex Xobeh
  7423 | D:6      | Reached skill level 5 in Summonings
  7452 | D:6      | Found Waodef's Jewellery Shop.
  7732 | D:6      | Found a broken altar of Ashenzari.
  7748 | D:6      | Found a burning altar of Makhleb.
  7759 | D:6      | Found an ancient bone altar of Kikubaaqudgha.
  7767 | D:6      | Found a shadowy altar of Dithmenos.
  7772 | D:6      | Found a hazy altar of Hepliaklqana.
  7780 | D:6      | Found a stormy altar of Qazlal.
  7910 | D:6      | Found a radiant altar of Vehumet.
  8018 | D:6      | Identified the +8 war axe of Friendship {holy, rN++ MP-9}
  8101 | D:6      | Noticed Eustachio
  8173 | D:6      | Reached skill level 6 in Summonings
  8240 | D:6      | Noticed Menkaure
  8249 | D:6      | Killed Menkaure
  8401 | D:6      | Killed Eustachio
  8596 | D:6      | Found a basalt altar of Yredelemnul.
  8732 | D:7      | Reached skill level 7 in Summonings
  8853 | D:7      | Reached XP level 9. HP: 38/57 MP: 4/17
  8962 | D:7      | Noticed a gargoyle
  9215 | D:7      | Killed a gargoyle
  9449 | D:7      | Reached skill level 8 in Summonings
  9568 | D:7      | HP: 2/57 [centaur/arrow (9)]
 10070 | D:7      | Reached skill level 1 in Invocations
 10327 | D:7      | Received a gift from Nemelex Xobeh
 10470 | D:7      | Noticed a nameless horror
 10652 | D:7      | HP: 2/57 [centaur/+0 whip (1)]
 10652 | D:7      | Slain by a centaur

Illustrated notes

Levels and vault maps discovered:
D:1:      dpeg_arrival_radiant, layout_basic, minmay_pentomino_v2
D:2:      layout_loops_corners, serial_shops, nicolae_shop_tiny_statue_garden,
          minmay_misc_feat_secret_circle, chequers_mini_garden, uniq_jessica,
          uniq_robin
D:3:      layout_loops_ring, nemelex_xobeh_ov_fountains_minmay,
          trog_three_pillars_becter, xom_teletrap_fun, serial_park_tiny_pond,
          uniq_sigmund, uniq_natasha
D:4:      layout_layer_cave, minmay_temple_entry_statues
D:5:      layout_basic, ebering_ghost_rock_garden, gup_sewer_entry_bubbles,
          nicolae_concentric_dashed_squares_wild, kennysheep_cluttered_room,
          minivault_26, minmay_misc_feat_nine_boxes, minmay_misc_feat_columns,
          guppyfry_early_lair_pool
D:6:      layout_loops_ring, marbit_many_paths, vehumet_statue,
          grunt_temple_overflow_diamond, grunt_temple_overflow_octagram,
          serial_shops, nicolae_shop_window_shopping,
          nicolae_shop_tiny_statue_garden, uniq_menkaure, uniq_eustachio
D:7:      nzn_winding_woodlands_three_and_one
          [nzn_winding_woodlands_5x15_sawtooth,
          nzn_winding_woodlands_5x15_cabin, nzn_winding_woodlands_5x15_default,
          nzn_winding_woodlands_center_garden], layout_basic

Skill      XL: |  1  2  3  4  5  6  7  8  9 |
---------------+----------------------------+-----
Conjurations   | 1 2 |  2.4
Spellcasting   | 3 5 |  5.6
Fire Magic     | 3 |  3.5
Shields        | 3 4 |  4.0
Summonings     | 3 7 8 |  8.8
Invocations    | 2 |  2.6
Dodging        | |  1.8
Stealth        | |  1.8

Action                     |  1- 3 |  4- 6 |  7- 9 || total
---------------------------+-------+-------+-------++-------
  Melee: Dagger            |     2 |    20 |       ||    22
         Unarmed           |     1 |       |       ||     1
         Whip              |       |       |    25 ||    25
   Cast: Foxfire           |    53 |    88 |   120 ||   261
         Scorch            |     6 |    32 |   112 ||   150
         Volatile Blastmot |       |       |     5 ||     5
         Summon Cactus Gia |       |       |     1 ||     1
  Evoke: Wand              |       |       |     5 ||     5
    Use: Scroll            |     1 |     1 |    10 ||    12
 Armour: Robe              |     5 |    16 |    17 ||    38
  Dodge: Dodged            |    36 |    31 |    59 ||   126
  Block: Buckler           |       |     6 |    22 ||    28

Table legend: (Time is in decaauts)
 A = Elapsed time spent in this place.
 B = Non-inter-level travel time spent in this place.
 C = Inter-level travel time spent in this place.
 D = Time resting spent in this place.
 E = Time spent auto-exploring this place.
 F = Levels seen in this place.
 G = Mean time per level.
                   A        B        C        D        E       F      G
               +--------+--------+--------+--------+--------+-----+--------+
         Total |  10696 |  10355 |    341 |   1874 |   6927 |   7 | 1528.0 |
       Dungeon |  10696 |  10355 |    341 |   1874 |   6927 |   7 | 1528.0 |
               +--------+--------+--------+--------+--------+-----+--------+

Top non-repeatable levels by time:
     D:6: 2125 daAuts
     D:5: 1782 daAuts
     D:7: 1528 daAuts
     D:2: 1365 daAuts
     D:3: 1321 daAuts
     D:1: 1293 daAuts
     D:4: 1279 daAuts
